 Dungeon Crawl Stone Soup version 0.30.0 (webtiles) character file.

Game seed: 13610276058471805610

1339 ilyvion the Ducker (level 8, 50/50 HPs)
             Began as a Djinni Ice Elementalist on May 27, 2023.
             Quit the game on level 7 of the Dungeon on Jan 10, 2024.
             The game lasted 00:48:48 (5739 turns).

ilyvion the Ducker (Djinni Ice Elementalist)        Turns: 5739, Time: 00:48:49

Health: 50/50      AC:  4    Str: 13    XL:     8   Next: 93%
Gold:   256        EV: 14    Int: 19    God:
                   SH:  0    Dex: 14

rFire   + + +        o - +3 short sword
rCold   x . .        (no shield)
rNeg    . . .        e - +1 leather armour {rF+}
rPois   ∞            (no helmet)
rElec   .            (no cloak)
rCorr   +            (no gloves)
SInv    .            (boots unavailable)
Will    .....        (no amulet)
Stlth   +++          d - ring of resist corrosion
HPRegen 0.28/turn    i - +6 ring of strength
MPRegen 0.00/turn

%: no passive effects
@: flying
A: sickness immunity, fire resistance 2, cold vulnerability 1, float, innate
caster, HP casting, extra vitality 1
a: no special abilities


You were on level 7 of the Dungeon.
You visited 2 branches of the dungeon, and saw 8 of its levels.

You collected 256 gold pieces.

Inventory:

Hand Weapons
 k - a +2 dagger of venom
 o - a +3 short sword (weapon)
Armour
 e - a +1 leather armour of fire resistance (worn)
 q - the +1 helmet "Wial" {-Cast rElec rN+++ rCorr}
   (You took it off Robin on level 2 of the Dungeon)

   rElec:     It insulates you from electricity.
   rN:        It renders you almost immune to negative energy.
   -Cast:     It prevents spellcasting.
   rCorr:     It protects you from acid and corrosion.
Jewellery
 d - a ring of resist corrosion (left hand)
 i - a +6 ring of strength (right hand)
 r - a +4 ring of protection
Wands
 c - a wand of charming (14)
 j - a wand of roots (8)
 n - a wand of polymorph (3)
Scrolls
 l - a scroll of enchant weapon {unknown}
 s - 3 scrolls of magic mapping
Potions
 b - 2 potions of attraction
 f - a potion of heal wounds {unknown}
 g - 4 potions of curing
 h - a potion of flight {unknown}
 m - 2 potions of lignification {unknown}
 p - a potion of might


   Skills:
 + Level 3.8 Short Blades
 * Level 2.4 Armour
 + Level 5.9 Dodging
 + Level 4.8 Stealth
 + Level 5.0 Spellcasting


You knew the following spells:

 Your Spells              Type           Power      Damage    Failure   Level
a - Freeze                Ice            96%        1d10      1%          1
b - Frozen Ramparts       Ice            48%        1d8       6%          3
c - Ozocubu's Armour      Ice            24%        N/A       6%          3
d - Summon Ice Beast      Ice/Summ       24%        N/A       21%         4
e - Sting                 Tmut/Pois      96%        1d7       1%          1
f - Poisonous Vapours     Pois/Air       48%        N/A       3%          2
g - Dazzling Flash        Conj/Hex       48%        N/A       6%          3
Your spell library was empty.

Dungeon Overview and Level Annotations

Branches:
Dungeon (7/15)             Temple (1/1) D:4

Altars:
Ashenzari
Cheibriados
Dithmenos
Elyvilon
Gozag
Hepliaklqana
Nemelex Xobeh
Okawaru
Qazlal
Ru
Trog
Wu Jian
Xom
Zin
The Shining One

Shops:
D:2 (   D:5 (   D:6 (*!

Annotations:
D:6 exclusions: 3 doors, phantom and water moccasin


Innate Abilities, Weirdness & Mutations

You are immune to sickness and miasma.
You are immune to poison.
Your flesh is very heat resistant. (rF++)
You are vulnerable to cold. (rC-)
You float through the air rather than walking.
You learn spells naturally, not from books.
Your magical power is your life essence.
You have superior vitality. (+4 MHP)


Message History

Okay, then.
(D) Dungeon (T) Temple
Where to? (Enter - D:6 @ (x,y), ? - help)
There is a stone staircase leading down here.
You fly downwards.
There is a stone staircase leading up here.
Okay, then.
As you read the scroll labelled LUBRAHOECE, it crumbles to dust.
You feel strangely unstable.
It was a scroll of teleportation.
You fly upwards.
Level annotation: exclusions: 3 doors, phantom and water moccasin
There is a stone staircase leading down here.
Your surroundings suddenly seem different.
(D) Dungeon (T) Temple
Where to? (Enter - D:7, ? - help)
There is a stone staircase leading down here.
You fly downwards.
Found a ring mail and a potion of curing.
There is a stone staircase leading up here.
There are monsters nearby!
You fly upwards.
Level annotation: exclusions: 3 doors, phantom and water moccasin
There is a stone staircase leading down here.
(D) Dungeon (T) Temple
Where to? (Enter - D:7, ? - help)
Okay, then.
There is a stone staircase leading down here.
You fly downwards.
Found a dagger.
There is a stone staircase leading up here.
Save game and exit?
Welcome back, ilyvion the Djinni Ice Elementalist.
Press ? for a list of commands and other information.
Welcome back, ilyvion the Djinni Ice Elementalist.
Press ? for a list of commands and other information.
Welcome back, ilyvion the Djinni Ice Elementalist.
Press ? for a list of commands and other information.
Welcome back, ilyvion the Djinni Ice Elementalist.
Press ? for a list of commands and other information.
Are you sure you want to abandon this character and quit the game? (Confirm with "yes".)

. .. ...
... ... ##
... ####.##
...
#.....##
..#
#..@...# #
##.........
#
#.........
..
.........)
...
...##......
... #...
#....# #...
....# ....
#...#


There were no monsters in sight!

Vanquished Creatures
  2 water moccasins (D:6)
  An orc warrior (D:6)
  2 ice beasts
  A centaur (D:5)
  2 scorpions
  2 hounds (D:6)
  2 jellies
  4 orc priests
  4 iguanas
  A sleepcap (D:6)
  3 orc wizards
  Robin (D:2)
  7 adders
  A shadow imp (D:6)
  A white imp (D:6)
  An ufetubus (D:5)
  A worm (D:3)
  5 dart slugs
  16 orcs
  5 endoplasms
  4 giant cockroaches
  14 goblins
  10 hobgoblins
  10 jackals
  5 quokkas
  6 ball pythons
  4 bats (D:1)
  5 frilled lizards
  3 kobolds
  5 rats
128 creatures vanquished.

Notes
Turn   | Place    | Note
-------+----------+-------------------------------------------
     0 | D:1      | ilyvion the Djinni Ice Elementalist began the quest for the
                  | Orb.
     0 | D:1      | ilyvion set off with the following spells memorised:
                  | Freeze, Frozen Ramparts, Ozocubu's Armour, Summon Ice
                  | Beast.
     0 | D:1      | Reached XP level 1. HP: 15/15 MP: 0/0
   134 | D:1      | Reached XP level 2. HP: 11/21 MP: 0/0
   372 | D:1      | Reached XP level 3. HP: 20/25 MP: 0/0
   372 | D:1      | Learned a level 1 spell: Sting
   862 | D:2      | Found a faded altar of an unknown god.
   906 | D:2      | Reached XP level 4. HP: 22/31 MP: 0/0
  1018 | D:2      | Identified the +1 helmet "Wial" {-Cast rElec rN+++ rCorr}
  1018 | D:2      | Noticed Robin
  1042 | D:2      | Killed Robin
  1208 | D:2      | Found Holobb's Weapon Shoppe.
  1598 | D:3      | Reached XP level 5. HP: 32/35 MP: 0/0
  1598 | D:3      | Learned a level 2 spell: Poisonous Vapours
  2031 | D:3      | Reached skill level 1 in Short Blades
  2206 | D:3      | Reached XP level 6. HP: 31/40 MP: 0/0
  2693 | D:4      | Found a shadowy altar of Dithmenos.
  2699 | D:4      | Found a staircase to the Ecumenical Temple.
  2706 | Temple   | Entered the Ecumenical Temple
  2932 | D:4      | Reached XP level 7. HP: 39/45 MP: 0/0
  2932 | D:4      | Learned a level 3 spell: Dazzling Flash
  3412 | D:5      | Entered Level 5 of the Dungeon
  3926 | D:5      | Found Wyx Egagg's Firing Range.
  4101 | D:5      | Reached skill level 5 in Dodging
  4250 | D:5      | Reached XP level 8. HP: 15/50 MP: 0/0
  4625 | D:6      | Found Uvaolath's General Store.
  4859 | D:6      | Reached skill level 1 in Armour
  4973 | D:6      | Found Lodd's Distillery.
  5224 | D:6      | Found Titsaz's Weapon Emporium.
  5265 | D:6      | Found a stormy altar of Qazlal.
  5392 | D:6      | Reached skill level 5 in Spellcasting
  5739 | D:7      | Quit the game

Illustrated notes

Levels and vault maps discovered:
D:1:      minmay_arrival_shoal_huts, layout_rooms
D:2:      layout_rooms, serial_shops, shop, ebering_ecumenical_altar_box,
          uniq_robin
D:3:      layout_basic, kennysheep_generic_room_8
D:4:      layout_loops_ring, mainiacjoe_overflow_tiny_flanked,
          minmay_temple_entry_proselytizer
D:5:      layout_rooms, nicolae_shop_firing_range
D:6:      layout_cave_pools, mainiacjoe_overflow_24_doors, serial_shops, shop,
          shop, nicolae_shop_competitors_out_of_business
D:7:      layout_cave_pools, uniq_prince_ribbit1
Temple:   nicolae_temple_no_exploring_needed

Skill      XL: |  1  2  3  4  5  6  7  8 |
---------------+-------------------------+-----
Stealth        | 2 3 4 |  4.8
Dodging        | 3 4 5 |  5.9
Short Blades   | 1 2 3 |  3.8
Spellcasting   | 4 5 |  5.0
Armour         | 2 |  2.4

Action                     |  1- 3 |  4- 6 |  7- 9 || total
---------------------------+-------+-------+-------++-------
  Melee: Dagger            |       |     3 |       ||     3
         Short sword       |       |    23 |    40 ||    63
   Cast: Freeze            |    57 |    34 |    25 ||   116
         Sting             |       |    38 |    46 ||    84
         Frozen Ramparts   |       |     2 |     8 ||    10
         Poisonous Vapours |       |    27 |    37 ||    64
    Use: Scroll            |       |     6 |     5 ||    11
   Stab: Sleeping          |       |     1 |     2 ||     3
 Armour: Robe              |     3 |       |       ||     3
         Leather armour    |       |     3 |    16 ||    19
  Dodge: Dodged            |    21 |    23 |    54 ||    98
